 Dungeon Crawl Stone Soup version 0.23.2-33-g5129a83184 (webtiles) character file.

Game seed: 1145778789497458225

81 doot the Conjurer (level 4, -7/24 HPs)
             Began as a Tengu Conjurer on July 1, 2019.
             Mangled by a gnoll
             ... wielding a +0 halberd
              (13 damage)
             ... on level 2 of the Dungeon.
             The game lasted 00:04:41 (1746 turns).

doot the Conjurer (Tengu Conjurer)                  Turns: 1746, Time: 00:04:42

Health: -7/24      AC:  3    Str:  8    XL:     4   Next: 40%
Magic:  0/8        EV: 13    Int: 16    God:
Gold:   34         SH:  0    Dex: 15    Spells: 0/7 levels left

rFire    . . .     SeeInvis .   b - +0 dagger (freeze)
rCold    . . .     Gourm    .   (no shield)
rNeg     . . .     Faith    .   a - +0 robe
rPois    .         Spirit   .   (helmet restricted)
rElec    .         Reflect  .   (no cloak)
rCorr    .         Harm     .   h - +0 pair of gloves
MR       .....                  (boots unavailable)
Stlth    ++........             (no amulet)
HPRegen  0.08/turn              (no ring)
MPRegen  0.11/turn              (no ring)

@: very slightly contaminated, starving
A: beak, talons 3
a: no special abilities


You were on level 2 of the Dungeon.
You were starving.

You visited 1 branch of the dungeon, and saw 3 of its levels.

You collected 34 gold pieces.

Inventory:

Hand Weapons
 b - a +0 dagger of freezing (weapon)
Armour
 a - a +0 robe (worn)
 h - a +0 pair of gloves (worn)
Scrolls
 e - 2 scrolls of identify {unknown}
 f - 2 scrolls of teleportation {unknown}
Potions
 d - a potion of heal wounds {unknown}
 g - a potion of lignification {unknown}
 i - a potion of curing {unknown}
Comestibles
 c - 4 rations


   Skills:
 + Level 0.3 Fighting
 + Level 0.2 Short Blades
 + Level 2.3 Dodging
 + Level 2.6 Stealth
 + Level 2.4 Spellcasting
 + Level 6.7 Conjurations


You couldn't memorise any spells.
You knew the following spells:

 Your Spells              Type           Power        Failure   Level  Hunger
a - Magic Dart            Conj           ###.         1%          1    #......
b - Searing Ray           Conj           ###...       1%          2    ###....
c - Iskenderun's Mystic   Conj           ###.....     12%         4    #####..

Your spell library contained the following spells:

 Spells                   Type           Power        Failure   Level  Hunger
 Dazzling Spray           Conj/Hex       ##....       16%         3    ###....
 Force Lance              Conj/Tloc      ##......     45%         4    #####..
 Fulminant Prism          Conj/Hex       ##........   45%         4    #####..


Dungeon Overview and Level Annotations

Branches:
Dungeon (3/15)

Altars:
Hepliaklqana


Innate Abilities, Weirdness & Mutations

You have a beak for a mouth.
You have claws for feet.


Message History

Confirm with . or Enter, or press ? or * to list all spells.
Aiming: Iskenderun's Mystic Blast (safe; 12% risk of failure)
Press: ? - help, Shift-Dir - straight line, f/p - gnoll
Aim: a gnoll, wielding a +0 halberd You miscast Iskenderun's Mystic Blast.
You are very lightly contaminated with residual magic.
A wave of violent energy washes through your body!
Casting: Iskenderun's Mystic Blast (safe; 12% risk of failure)
Confirm with . or Enter, or press ? or * to list all spells.
Aiming: Iskenderun's Mystic Blast (safe; 12% risk of failure)
Press: ? - help, Shift-Dir - straight line, f/p - gnoll
Aim: a gnoll, wielding a +0 halberd The orb of energy hits the gnoll!
The gnoll is severely wounded.
You are starving!
The gnoll hits you from afar with a +0 halberd!
* * * LOW HITPOINT WARNING * * *
The gnoll hits you with a +0 halberd!
Ouch! That really hurt!
You die...

#.##.#####.#.##.#.
#....#####.#.##...
#..........#..###.
#.##########......
#.# ##.#### #.#
#.# #.# #.#
#g###########.#
#@...)........#
###############


You could see a gnoll.

Vanquished Creatures
  Terence (D:2)
  A gnoll (D:2)
  An adder (D:2)
  A worm (D:2)
  A dart slug (D:1)
  3 leopard geckos
  5 bats
  A giant cockroach (D:2)
  4 goblins
  6 hobgoblins
  2 frilled lizards
  A kobold (D:1)
  3 rats
30 creatures vanquished.

Notes
Turn   | Place    | Note
-------+----------+-------------------------------------------
     0 | D:1      | doot the Tengu Conjurer began the quest for the Orb.
     0 | D:1      | Reached XP level 1. HP: 10/10 MP: 4/4
   276 | D:1      | Reached XP level 2. HP: 15/15 MP: 3/6
   287 | D:1      | Learned a level 2 spell: Searing Ray
   727 | D:2      | Reached XP level 3. HP: 19/19 MP: 1/7
   891 | D:2      | Reached skill level 6 in Conjurations
  1350 | D:2      | Found a hazy altar of Hepliaklqana.
  1374 | D:2      | Noticed Terence
  1505 | D:2      | Killed Terence
  1505 | D:2      | Reached XP level 4. HP: 9/24 MP: 0/8
  1693 | D:2      | Learned a level 4 spell: Iskenderun's Mystic Blast
  1746 | D:2      | Mangled by a gnoll

Skill      XL: |  1  2  3 |
---------------+----------+-----
Conjurations   | 6 |  6.7
Fighting       | |  0.3
Short Blades   | |  0.2
Dodging        | |  2.3
Stealth        | |  2.6
Spellcasting   | |  2.4

Action                   |  1- 3 |  4- 6 || total
-------------------------+-------+-------++-------
Melee: Dagger            |    17 |       ||    17
       Kick              |     5 |       ||     5
 Cast: Magic Dart        |    37 |     2 ||    39
       Searing Ray       |    10 |       ||    10
       Iskenderun's Myst |       |     1 ||     1
  Eat: Chunk             |     2 |       ||     2
Armor: Robe              |     6 |       ||     6
Dodge: Dodged            |    22 |       ||    22
